 Dungeon Crawl Stone Soup version 0.17-a0-986-gf45d1aa (webtiles) character file.

26649 Hanyuu the Martial Artist (level 13, -4/86 HPs)
             Began as an Octopode Transmuter on May 11, 2015.
             Was the Champion of Makhleb.
             Slain by a death yak (18 damage)
             ... on level 4 of the Lair of Beasts.
             The game lasted 01:44:32 (18709 turns).

Hanyuu the Martial Artist (Octopode Transmuter)    Turns: 18709, Time: 01:44:33

Health: -4/86      AC:  1    Str:  9    XL:     13   Next: 27%
Magic:  20/23      EV: 16    Int: 19    God:    Makhleb [******]
Gold:   472        SH:  0    Dex: 14    Spells: 6 memorised, 5 levels left

rFire  + + .     SeeInvis +       - Unarmed
rCold  + . .     Clarity  .     (shield currently unavailable)
rNeg   + . .     SustAb   .     (helmet restricted)
rPois  +         Gourm    .     x - amulet of regeneration
rElec  .         Spirit   .     e - +2 ring of slaying
rCorr  .         Warding  .     q - ring of see invisible
rMut   .         Stasis   .     r - ring of protection from cold
MR     .....                    y - ring of positive energy
Stlth  ++++......               k - ring of protection from fire
                                Q - ring of poison resistance
                                f - ring of protection from fire
                                S - ring of stealth

@: blade tentacles, not resistant to hostile enchantments, stealthy
A: almost no armour, amphibious, 8 rings, constrict 8, camouflage 1, gelatinous
body 1
a: End Transformation, Minor Destruction, Lesser Servant of Makhleb, Major
Destruction, Greater Servant of Makhleb, Renounce Religion


You were on level 4 of the Lair of Beasts.
You worshipped Makhleb.
Makhleb was exalted by your worship.
You were not hungry.
You had blades for tentacles.
You visited 3 branches of the dungeon, and saw 15 of its levels.

You collected 906 gold pieces.
You spent 434 gold pieces at shops.

Inventory:

Hand weapons
 a - a +1 blowgun (melded)
Missiles
 o - 8 tomahawks (quivered)
 B - 23 poisoned needles
 E - 7 needles of sleeping
 F - 8 needles of slowing
 I - 3 needles of paralysis
 J - 3 silver tomahawks
 K - 96 arrows
Jewellery
 e - a +2 ring of slaying (left scythe-like blade)
 f - a ring of protection from fire (on tentacle)
 k - a ring of protection from fire (on tentacle)
 q - a ring of see invisible (right scythe-like blade)
 r - a ring of protection from cold (on tentacle)
 x - an amulet of regeneration (around mantle)
 y - a ring of positive energy (on tentacle)
 Q - a ring of poison resistance (on tentacle)
 S - a ring of stealth (on tentacle)
 W - the ring "Qaekk" {+Fly rC+ Dex-3 Stlth+}
   (You found it on level 3 of the Lair of Beasts)

   [ring of flight]

   It affects your dexterity (-3).
   It protects you from cold.
   It lets you fly.
   It makes you more stealthy.
Magical devices
 s - a wand of digging (11)
 w - a wand of disintegration (15)
 z - a wand of polymorph (10)
 H - a wand of frost (19)
 M - a wand of lightning (4)
 V - a wand of draining (7)
Scrolls
 i - 4 scrolls of fog
 p - a scroll of recharging
 t - 2 scrolls of teleportation
 u - a scroll of immolation
 A - a scroll of identify
 O - a scroll of enchant armour
 U - 2 scrolls of remove curse
Potions
 g - 2 potions of resistance
 h - 4 potions of agility
 j - 2 potions of ambrosia
 m - 4 potions of brilliance
 n - 2 potions of flight
 v - a potion of haste
 L - 2 potions of lignification
 N - a potion of might
 P - 3 potions of curing
 Y - a potion of cure mutation
 Z - a potion of berserk rage {unknown}
Books
 b - a book of Changes

   Spells                             Type                      Level
   a - Beastly Appendage              Transmutation                1
   b - Sticks to Snakes               Transmutation                2
   c - Spider Form                    Transmutation/Poison         3
   d - Ice Form                       Ice/Transmutation            4
   e - Blade Hands                    Transmutation                5
 C - a book of the Earth

   Spells                             Type                      Level
   a - Leda's Liquefaction            Hexes/Earth                  4
   b - Bolt of Magma                  Conjuration/Fire/Earth       5
   c - Statue Form                    Transmutation/Earth          6
   d - Iron Shot                      Conjuration/Earth            6
   e - Shatter                        Earth                        9
 D - a book of Annihilations {highlevel, unknown}

   This book is beyond your current level of understanding.

   Spells                             Type                      Level
   a - Poison Arrow                   Conjuration/Poison           6
   b - Chain Lightning                Conjuration/Air              8
   c - Lehudib's Crystal Spear        Conjuration/Earth            8
   d - Glaciate                       Conjuration/Ice              9
   e - Fire Storm                     Conjuration/Fire             9
Miscellaneous
 l - a plain deck of war
 T - a disc of storms
Comestibles
 c - 5 bread rations
 d - a beef jerky
 G - 5 chunks of flesh
 R - 2 slices of pizza


   Skills:
 + Level 7.5 Fighting
 - Level 2.0 Throwing
 - Level 7.0 Dodging
 * Level 14.4 Unarmed Combat
 + Level 7.0 Spellcasting
 + Level 10.4 Transmutations
 - Level 4.0 Invocations


You had 5 spell levels left.
You knew the following spells:

 Your Spells              Type           Power        Failure   Level  Hunger
a - Beastly Appendage     Trmt           #####.       10%         1    None
b - Sticks to Snakes      Trmt           #####.....   10%         2    None
c - Spider Form           Trmt/Pois      ####......   32%         3    #......
d - Blade Hands           Trmt           #####.....   32%         5    #####..
e - Ice Form              Ice/Trmt       ####....     54%         4    ###....
f - Statue Form           Trmt/Erth      ####.....    100%        6    ######.


Dungeon Overview and Level Annotations

Branches:
Dungeon (9/15)             Temple (1/1) D:4            Lair (5/8) D:9
  Swamp (0/4) Lair:3        Snake (0/4) Lair:3
    Orc: D:9-12

Altars:
Ashenzari
Cheibriados
Dithmenos
Elyvilon
Fedhas
Gozag
Kikubaaqudgha
Makhleb
Nemelex Xobeh
Okawaru
Sif Muna
Trog
Vehumet
Yredelemnul
Zin
The Shining One

Shops:
D:5 =   D:6 :?   D:9 %


Innate Abilities, Weirdness & Mutations

You cannot wear most types of armour.
You are amphibious.
You can wear up to eight rings at the same time.
You can use your tentacles to constrict eight enemies at once.
Your skin changes colour to match your surroundings (Stealth).
Your rubbery body absorbs attacks (AC +1).


Message History

Makhleb accepts your kill.
You feel a little better. The death yak gores you!!
You slash the death yak! Your slash misses the death yak.
The death yak is lightly wounded.
There is a stone staircase leading up, spattered with blood here.
You slice the death yak!! Your squeeze misses the death yak.
The death yak is moderately wounded.
The death yak gores you!
You slice the death yak!! Your squeeze misses the death yak.
The death yak is heavily wounded.
The death yak gores you. The death yak gores you!!
* * * LOW HITPOINT WARNING * * *
You climb upwards.
There is a stone staircase leading down here.
You completely miss the death yak.
You slash the death yak, but do no damage.
The death yak is heavily wounded.
The death yak gores you!!
You die...

.....#....................##
..#.......#................#
..#.....##..#..............#
....⌠..##...#...#.....<....#
.>#..##.....##...........###
....+........#...#.......##### ##
.................##....#..##.###.
........#.....#..Y#......#......#
................@................
#..#...##........................
........#.....#.#...............#
....<..P.......................#.
####......................#.....#
# ##..P#......................##
#...###.#.#............#....#
##...#..........#...........##
#####..#####....................#


You could see a death yak.

Vanquished Creatures
  2 hydras
  A death yak (Lair:5)
  The ghost of oplop the Destroyer, an experienced TeFE (D:7)
  Pikel (D:4)
  A cyclops (D:9)
  An oklob plant (Lair:2)
  6 elephants (Lair:5)
  3 black mambas
  Edmund (D:4)
  2 komodo dragons
  4 spiny frogs
  2 fire drakes
  5 polar bears
  16 blink frogs
  17 yaks
  A deep elf mage (D:8)
  A wyvern (D:9)
  A hippogriff (Lair:1)
  A basilisk (Lair:4)
  Menkaure (D:4)
  2 hungry ghosts
  9 wolves
  8 water moccasins
  A slave (D:3)
  2 sky beasts
  11 porcupines
  4 ice beasts
  8 orc warriors
  6 ogres
  5 black bears (Lair:1)
  2 centaurs
  7 crocodiles
  5 phantoms
  4 big kobolds
  8 giant frogs
  A gnoll sergeant (D:6)
  4 scorpions
  5 killer bees (D:7)
  3 electric eels (D:6)
  3 jellies
  2 crimson imps
  7 orc priests
  Ijyb (D:4)
  2 giant frog skeletons (D:6)
  11 orc wizards
  8 worker ants
  7 hounds
  9 iguanas
  18 sheep
  A killer bee zombie (D:6)
  A hound skeleton (D:7)
  A worker ant zombie (D:7)
  31 river rats
  9 adders
  13 gnolls
  2 shadow imps (D:6)
  An adder zombie (D:8)
  2 adder skeletons
  A worm (D:3)
  7 giant geckos
  48 orcs
  13 bats
  A bat skeleton (D:4)
  10 giant cockroaches
  57 goblins
  37 hobgoblins
  4 jackals
  7 quokkas
  A ball python (D:3)
  A giant gecko skeleton (D:4)
  7 giant newts
  A giant spore (D:8)
  A jackal zombie (D:9)
  20 kobolds
  10 rats
  3 ballistomycetes (D:8)
  3 butterflies
  A fungus (Lair:3)
  A plant (Lair:2)
526 creatures vanquished.

Vanquished Creatures (others)
  2 slaves (D:4)
  A crimson imp (D:4)
  A hound (D:4)
  An adder (D:4)
  An orc (D:6)
  2 goblins (D:6)
  3 plants (D:9)
11 creatures vanquished.

Grand Total: 537 creatures vanquished

Notes
Turn   | Place    | Note
--------------------------------------------------------------
     0 | D:1      | Hanyuu, the Octopode Transmuter, began the quest for the Orb.
     0 | D:1      | Reached XP level 1. HP: 13/13 MP: 3/3
   126 | D:1      | Reached XP level 2. HP: 13/18 MP: 5/5
   146 | D:1      | Learned a level 2 spell: Sticks to Snakes
   723 | D:1      | Reached skill level 4 in Unarmed Combat
   930 | D:1      | Reached XP level 3. HP: 23/23 MP: 6/6
   935 | D:1      | Learned a level 3 spell: Spider Form
  1128 | D:2      | Found a blossoming altar of Fedhas.
  1459 | D:2      | Found a shattered altar of Ashenzari.
  1668 | D:2      | Reached XP level 4. HP: 21/28 MP: 0/7
  1672 | D:2      | Reached skill level 5 in Unarmed Combat
  2183 | D:2      | Found a white marble altar of Elyvilon.
  2263 | D:2      | Reached XP level 5. HP: 28/33 MP: 6/8
  2826 | D:3      | Reached skill level 6 in Unarmed Combat
  3208 | D:4      | Found a sparkling altar of Nemelex Xobeh.
  3214 | D:4      | Noticed Edmund
  3214 | D:4      | Noticed a slave
  3222 | D:4      | Reached XP level 6. HP: 31/38 MP: 9/9
  3224 | D:4      | Noticed Pikel
  3246 | D:3      | Killed a slave
  3620 | D:4      | Noticed a phantom
  3622 | D:4      | Noticed a slave
  3623 | D:4      | Killed Pikel
  3623 | D:4      | Reached skill level 7 in Unarmed Combat
  3623 | D:4      | Reached XP level 7. HP: 7/45 MP: 7/10
  3876 | D:4      | Noticed a freed slave
  3879 | D:4      | Noticed a freed slave
  3891 | D:4      | Killed a phantom
  3921 | D:4      | Killed a freed slave
  3942 | D:4      | Killed a freed slave
  3961 | D:4      | Found a staircase to the Ecumenical Temple.
  3963 | D:4      | Noticed an ogre
  3981 | D:4      | Killed an ogre
  3981 | D:4      | Reached XP level 8. HP: 19/52 MP: 9/11
  4000 | Temple   | Entered the Ecumenical Temple
  4016 | Temple   | Became a worshipper of Makhleb the Destroyer
  4219 | D:4      | Noticed an orc warrior
  4232 | D:4      | Killed an orc warrior
  4232 | D:4      | Reached skill level 8 in Unarmed Combat
  4466 | D:4      | Killed Edmund
  4466 | D:4      | Reached skill level 5 in Transmutations
  4969 | D:4      | Noticed Menkaure
  5056 | D:4      | Killed Menkaure
  5056 | D:4      | Acquired Makhleb's first power
  5056 | D:4      | Reached skill level 9 in Unarmed Combat
  5069 | D:4      | Noticed Ijyb
  5079 | D:4      | Killed Ijyb
  5322 | D:5      | Entered Level 5 of the Dungeon
  5627 | D:5      | Reached XP level 9. HP: 58/58 MP: 6/12
  5852 | D:5      | Found Baucwutol's Jewellery Emporium.
  5971 | D:5      | Learned a level 5 spell: Blade Hands
  6008 | D:5      | Acquired Makhleb's second power
  6098 | D:5      | Found a bloodstained altar of Trog.
  6387 | D:6      | Found Ussod's Magic Scroll Boutique.
  6399 | D:6      | Bought a scroll of blinking for 82 gold pieces
  6400 | D:6      | Bought 3 scrolls of identify for 66 gold pieces
  6405 | D:6      | Bought a scroll of teleportation for 33 gold pieces
  6405 | D:6      | Bought a scroll of teleportation for 33 gold pieces
  6416 | D:6      | Found Yvvomab's Book Shop.
  6704 | D:6      | Reached skill level 10 in Unarmed Combat
  6984 | D:6      | Found a snail-covered altar of Cheibriados.
  7272 | D:6      | Acquired Makhleb's third power
  7687 | D:6      | Acquired Makhleb's fourth power
  8066 | D:6      | Reached XP level 10. HP: 62/64 MP: 14/14
  8463 | D:7      | Acquired Makhleb's fifth power
  8742 | D:7      | Reached skill level 11 in Unarmed Combat
  8746 | D:7      | Noticed oplop's ghost (experienced TeFE)
  8824 | D:7      | Killed oplop's ghost
  9162 | D:7      | Reached skill level 5 in Dodging
  9410 | D:7      | Found a shadowy altar of Dithmenos.
  9519 | D:8      | Found a glowing silver altar of Zin.
  9520 | D:8      | Found an opulent altar of Gozag.
  9713 | D:8      | Found an ancient bone altar of Kikubaaqudgha.
 10140 | D:8      | Found a glowing golden altar of the Shining One.
 10607 | D:9      | Reached skill level 1 in Throwing
 10637 | D:9      | Found a deep blue altar of Sif Muna.
 10648 | D:9      | Found a white marble altar of Elyvilon.
 10665 | D:9      | Found Woynitsarab's Food Shop.
 10674 | D:9      | Noticed a cyclops
 10903 | D:9      | Killed a cyclops
 10903 | D:9      | Reached skill level 5 in Fighting
 10903 | D:9      | Reached skill level 12 in Unarmed Combat
 10903 | D:9      | Reached XP level 11. HP: 69/71 MP: 17/17
 11294 | D:9      | Found a staircase to the Lair.
 12178 | D:5      | Bought an uncursed ring of poison resistance for 220 gold pieces
 12314 | Lair:1   | Entered Level 1 of the Lair of Beasts
 12443 | Lair:1   | Noticed a five-headed hydra
 12470 | Lair:1   | HP: 3/72 [porcupine (8)]
 12640 | Lair:1   | Learned a level 4 spell: Ice Form
 12683 | Lair:1   | Killed a five-headed hydra
 12786 | Lair:1   | Found a radiant altar of Vehumet.
 13328 | Lair:1   | Reached skill level 5 in Spellcasting
 14193 | Lair:2   | Reached skill level 1 in Invocations
 14294 | Lair:2   | Reached skill level 13 in Unarmed Combat
 14294 | Lair:2   | Reached XP level 12. HP: 34/78 MP: 19/19
 14936 | Lair:2   | Found a sparkling altar of Nemelex Xobeh.
 15004 | Lair:3   | Upgraded the game from 0.17-a0-977-g4154171 to 0.17-a0-986-gf45d1aa
 15029 | Lair:3   | Noticed a six-headed hydra
 15108 | Lair:3   | Killed a six-headed hydra
 15137 | Lair:3   | Found a staircase to the Snake Pit.
 15147 | Lair:3   | Found a staircase to the Swamp.
 15195 | Lair:3   | Learned a level 6 spell: Statue Form
 15339 | Lair:3   | Got a sparkling tin ring
 15340 | Lair:3   | Identified the ring "Qaekk" {+Fly rC+ Dex-3 Stlth+} (You found it on level 3 of the Lair of Beasts)
 17551 | Lair:5   | Reached skill level 10 in Transmutations
 17728 | Lair:5   | Reached skill level 14 in Unarmed Combat
 17791 | Lair:5   | Reached XP level 13. HP: 72/85 MP: 23/23
 18682 | Lair:5   | Noticed a death yak
 18682 | Lair:5   | Noticed a death yak
 18683 | Lair:5   | Noticed a death yak
 18684 | Lair:5   | Noticed a death yak
 18685 | Lair:5   | Noticed a death yak
 18702 | Lair:5   | Noticed a death yak
 18702 | Lair:5   | Killed a death yak
 18709 | Lair:4   | Slain by a death yak

Vault maps used:
D:1:      dpeg_arrival_brainrot, nrook_mini_vaults
D:2:      fedhas_altar_3, overflow_temple_1_default, first_bread,
          elyvilon_altar_1
D:3:      hangedman_glass_garden
D:4:      kennysheep_goblin_castle, nemelex_deck, minmay_temple_entry_overgrown,
          minmay_box_of_dots, uniq_pikel, uniq_edmund, uniq_menkaure
D:5:      lemuel_ice_spiral_2, nicolae_overflow_crystal_walls, serial_shops,
          nicolae_shop_crystal, hex_large
D:6:      minmay_goblin_kobold_castle, lemuel_crystal_altar, serial_shops,
          nicolae_shop_waterfront, nicolae_shop_statue_plus
D:7:      nicolae_dithmenos_the_darkroom
D:8:      grunt_temple_overflow_gold_and_silver, tso_altar, basic_altar
D:9:      grunt_temple_overflow_open, david_lair_shrubbed, serial_shops,
          kennysheep_mini
Temple:   zaba_magenta_temple_8
Lair:1:   beast_lair_carwin_large_1, lemuel_altar_in_water2
Lair:2:   lemuel_oklob_altar
Lair:3:   swamp_mist_pool, guppyfry_snake_entry_island, grunt_megastairs_3
Lair:4:   grunt_megastairs_4, serial_bayou_shore_b, lemuel_fruit_fields

Action                   |  1- 3 |  4- 6 |  7- 9 | 10-12 | 13-15 || total
-------------------------+-------+-------+-------+-------+-------++-------
Melee: Unarmed           |    66 |   105 |   380 |   742 |    86 ||  1379
 Fire: Blowgun           |       |       |       |   162 |    19 ||   181
Throw: Tomahawk          |       |       |     1 |     4 |       ||     5
 Cast: Beastly Appendage |     3 |     2 |     4 |    13 |       ||    22
       Spider Form       |     1 |     4 |    25 |    26 |       ||    56
       Blade Hands       |       |       |     1 |    14 |    10 ||    25
       Ice Form          |       |       |       |     1 |       ||     1
       Sticks to Snakes  |       |       |       |     7 |       ||     7
 Abil: End Transformatio |       |       |     1 |       |       ||     1
Evoke: Wand              |       |       |     2 |    11 |       ||    13
  Use: Scroll            |     2 |     4 |     9 |    15 |     2 ||    32
       Potion            |       |     1 |     1 |     3 |       ||     5
 Stab: Sleeping          |     4 |     2 |     3 |    29 |       ||    38
       Distracted        |       |       |       |     3 |       ||     3
  Eat: Fruit             |     2 |     2 |     1 |     2 |       ||     7
       Chunk             |     1 |     5 |    17 |    32 |     2 ||    57
       Beef jerky        |       |       |     1 |     1 |       ||     2
       Pizza             |       |       |     1 |       |       ||     1
       Meat ration       |       |       |       |     1 |     1 ||     2
       Royal jelly       |       |       |       |     1 |       ||     1
       Bread ration      |       |       |       |     1 |       ||     1
